 Dungeon Crawl Stone Soup version 0.30-a0-528-g8c47a4955b (webtiles) character file.

Game seed: 14854857787415605029

13 demibob the Slasher (level 2, 22/24 HPs)
             Began as a Demonspawn Berserker on Dec 23, 2022.
             Was a Follower of Trog.
             Quit the game on level 1 of the Dungeon.
             The game lasted 00:00:20 (121 turns).

demibob the Slasher (Demonspawn Berserker)           Turns: 121, Time: 00:00:21

Health: 22/24      AC:  2    Str: 17    XL:     2   Next: 24%
Magic:  2/2        EV: 12    Int:  8    God:    Trog [*.....]
Gold:   10         SH:  0    Dex: 12    Spells: 1/1 levels left

rFire   . . .      SeeInvis .    a - +0 falchion
rCold   . . .      Faith    .    (no shield)
rNeg    . . .      Spirit   .    b - +0 animal skin
rPois   .          Reflect  .    (no helmet)
rElec   .          Harm     .    (no cloak)
rCorr   .          Rampage  .    (no gloves)
Will    .....                    (no boots)
Stlth   +                        (no amulet)
HPRegen 0.24/turn                (no ring)
MPRegen 0.08/turn                (no ring)

@: no status effects
A: demonic magic 1
a: Renounce Religion, Berserk


You were on level 1 of the Dungeon.
You worshipped Trog.
Trog was aware of your devotion.
You visited 1 branch of the dungeon, and saw 1 of its levels.

You collected 10 gold pieces.


Innate Abilities, Weirdness & Mutations

Spells you cast may paralyse adjacent enemies.


   Skills:
 - Level 3.0 Fighting
 + Level 3.4 Long Blades
 - Level 1.7 Armour
 - Level 1.7 Dodging


You had one spell level left.
You didn't know any spells.
Your spell library was empty.

Inventory:

Hand Weapons
 a - a +0 falchion (weapon)
Armour
 b - a +0 animal skin (worn)
Potions
 c - a potion of haste {unknown}

Dungeon Overview and Level Annotations

Branches:
Dungeon (1/15)

Altars:

..≈▓.... ........:
..≈▓...## #..#..#..
.##▓....# #.#░#... +
.#g▓....# ..#.... ..
▓▓▓▓....# ##...#.# .#
.▓▓.....# ##...##.# .###
.▓▓..#..# #...†.#.#.....
▓▓...#.## #...#.)..?#..#
....##.####..#░#@..#░#.
..#.##>..†....#.....#..#
###.##.######...#.#...##
#.##.# ###...# ###
#.##.# ......# ..##.#
####.#.# #.##.# .#.#
..... .. . #. #.


There were no monsters in sight!


Message History

Ouch! That really hurt!
* * * LOW HITPOINT WARNING * * *
Use which ability? (? or * to list)
You can't do that.
Use which ability? (? or * to list)
You can't do that.
Use which ability? (? or * to list)
You can't do that.
Use which ability? (? or * to list)
A red film seems to cover your vision as you go berserk!
You feel yourself moving faster!
You feel mighty! The gnoll closely misses you.
You hit the gnoll. You punch the gnoll.
You kill the gnoll!
Trog accepts your kill.
Your Long Blades skill increases to level 3!
You have reached level 2!
Your demonic ancestry asserts itself...
A menacing aura infuses your magic.
You start resting.
You feel a strong urge to attack something.
You start resting.
You feel your anger nearly subside.
You are no longer berserk.
You are exhausted.
You feel yourself slow down.
You start resting.
You feel yourself speed up.
You start resting.
You recover from your berserk rage.
Unknown command.
Are you sure you want to abandon this character and quit the game? (Confirm with "yes".)

Skill      XL: |  1 |
---------------+----+-----
Long Blades    | 3 |  3.4
Fighting       | |  3.0
Armour         | |  1.7
Dodging        | |  1.7

Action                   || total
-------------------------++-------
Melee: Falchion          ||    12
       Punch             ||     1
Invok: Berserk           ||     1
Armor: Animal skin       ||     1
Dodge: Dodged            ||     8

Levels and vault maps discovered:
D:1:      lordsloth_arrival_two_stooges, layout_basic, minmay_strange_pillars,
          roderic_serpentine_path

Notes
Turn   | Place    | Note
-------+----------+-------------------------------------------
     0 | D:1      | demibob the Demonspawn Berserker began the quest for the
                  | Orb.
     0 | D:1      | Reached XP level 1. HP: 18/18 MP: 1/1
    71 | D:1      | Reached skill level 3 in Long Blades
    71 | D:1      | Gained mutation: Spells you cast may paralyse adjacent
                  | enemies. [demonic ancestry]
    71 | D:1      | Reached XP level 2. HP: 11/24 MP: 2/2
   121 | D:1      | Quit the game

Vanquished Creatures
  A gnoll (D:1)
  A giant cockroach (D:1)
  A ball python (D:1)
  2 rats (D:1)
5 creatures vanquished.

Table legend: (Time is in decaauts)
 A = Elapsed time spent in this place.
 B = Non-inter-level travel time spent in this place.
 C = Inter-level travel time spent in this place.
 D = Time resting spent in this place.
 E = Time spent auto-exploring this place.
 F = Levels seen in this place.
 G = Mean time per level.
                   A        B        C        D        E       F      G
               +--------+--------+--------+--------+--------+-----+--------+
         Total |    136 |    136 |      0 |     64 |     44 |   1 |  136.0 |
       Dungeon |    136 |    136 |      0 |     64 |     44 |   1 |  136.0 |
               +--------+--------+--------+--------+--------+-----+--------+

Top non-repeatable levels by time:
     D:1: 136 daAuts

Table legend:
 A = Non-vault XP
 B = Vault XP
 C = Vault XP percentage of total XP
 D = Non-vault monster count
 E = Vault monster count
 F = Vault count percentage of total count
                 A         B        C        D         E       F
            +---------+---------+-------+---------+---------+-------
      Total |      19 |       0 |   0.0 |       5 |       0 |   0.0
            +---------+---------+-------+---------+---------+-------
        D:1 |      19 |       0 |   0.0 |       5 |       0 |   0.0
            +---------+---------+-------+---------+---------+-------
